 Dungeon Crawl Stone Soup version 0.28-a0-519-gbfeecf2fc5 (webtiles) character file.

Game seed: 9553838890555152937

53 siradein the Chucker (level 3, 0/35 HPs)
             Began as a Troll Hunter on Sept 24, 2021.
             Slain by Sigmund (13 damage)
             ... on level 2 of the Dungeon.
             The game lasted 00:04:32 (777 turns).

siradein the Chucker (Troll Hunter)                  Turns: 777, Time: 00:04:32

Health: 0/35       AC:  4    Str: 20    XL:     3   Next: 62%
Magic:  2/2        EV: 10    Int:  7    God:
Gold:   39         SH:  0    Dex: 11    Spells: 2/2 levels left

rFire   . . .      SeeInvis .     - Unarmed
rCold   . . .      Faith    .   (no shield)
rNeg    . . .      Spirit   .   b - +0 robe
rPois   .          Reflect  .   (helmet restricted)
rElec   .          Harm     .   (no cloak)
rCorr   .          Rampage  .   (gloves unavailable)
Will    .....                   (boots unavailable)
Stlth   +.........              (no amulet)
HPRegen 1.11/turn               (no ring)
MPRegen 0.08/turn               (no ring)

@: confused
A: large, unfitting armour, claws 3, regeneration 1, shaggy fur 1, tough skin 1
a: no special abilities


You were on level 2 of the Dungeon.
You visited 1 branch of the dungeon, and saw 2 of its levels.

You collected 39 gold pieces.

Inventory:

Missiles
 c - 5 large rocks
 d - 2 throwing nets
 f - 28 stones
 g - 9 poisoned darts (quivered)
Armour
 b - a +0 robe (worn)
Scrolls
 a - 2 scrolls of identify {unknown}
 h - a scroll of enchant weapon {unknown}
Potions
 e - a potion of lignification {unknown}
 i - a potion of magic {unknown}


   Skills:
 + Level 2.1 Fighting
 + Level 3.9 Throwing
 + Level 2.1 Dodging
 - Level 0.3 Stealth
 + Level 1.4 Unarmed Combat


You had 2 spell levels left.
You didn't know any spells.
Your spell library contained the following spells:

 Spells                   Type           Power      Damage    Failure   Level
 Animate Skeleton         Necr           0%         N/A       43%         1
 Apportation              Tloc           0%         N/A       43%         1
 Summon Small Mammal      Summ           0%         N/A       43%         1
 Sublimation of Blood     Necr           0%         N/A       56%         2
 Wereblood                Tmut           0%         N/A       56%         2
 Gell's Gravitas          Tloc           0%         N/A       80%         3
 Lesser Beckoning         Tloc           0%         N/A       80%         3
 Teleport Other           Tloc           0%         N/A       80%         3
 Summon Hydra             Summ           0%         N/A       100%        7


Dungeon Overview and Level Annotations

Branches:
Dungeon (2/15)

Altars:

Annotations:
D:2 Sigmund


Innate Abilities, Weirdness & Mutations

You are too large for most types of armour.
You have claws for hands.
Your natural rate of healing is unusually fast.
You are covered in fur. (AC +1)
You have tough skin. (AC +1)


Message History

Sigmund gestures at you while chanting. The puff of flame hits you!
Throw: 11 darts (poison)
Press: ? - help, Q - select action, (/) - cycle Shift-Dir - straight line, f/p - Sigmund
Aim: Sigmund, wielding a +0 scythe and wearing a +0 robe (lightly wounded, poisoned, 53% to hit)
You throw a poisoned dart. The poisoned dart hits Sigmund.
Sigmund looks even sicker.
Sigmund is lightly wounded.
Throw: 10 darts (poison)
Press: ? - help, Q - select action, (/) - cycle Shift-Dir - straight line, f/p - Sigmund
Aim: Sigmund, wielding a +0 scythe and wearing a +0 robe (lightly wounded, very poisoned, 53% to hit)
You throw a poisoned dart.
The poisoned dart completely misses Sigmund.
Sigmund gestures wildly while chanting.
Sigmund flickers and vanishes!
Deactivating autopickup; reactivate with Ctrl-A.
You are already empty-clawed.
You hear some strange, mumbled words.
You are confused.
You bump into the rock wall.
Something hits you but does no damage. Something hits you. Something hits you!
You're too confused to move!
You feel less confused. Something hits you.
You completely miss something. Something hits you.
You closely miss something. You barely miss something. Something hits you.
You scratch something.
You hear some strange, mumbled words.
You are confused.
Something hits you!
* * * LOW HITPOINT WARNING * * *
You bump into the rock wall.
You hear some strange, mumbled words.
You are more confused.
Something completely misses you. Something hits you but does no damage.
Something hits you!
You die...

###.##.#######.#######
.....................
#######.##...........#####
...........[.......### #.
######.##..###.#..# #.
##############.##..# #.#.## ####.
...................# #)### #...†
###................###.######..#.
..............(.@...........#..#.
###.##.####...((.{....<........#.
#.##............########.....#.
###.##.####.#.....# #.....#.
............+........# #.....#.
####.#.####.#.....##.# ####..#.
#.#.){.#.#.^...# # #..#
#..............# ##.#
#..............# .#


There were no monsters in sight!

Vanquished Creatures
  2 adders (D:2)
  3 endoplasms (D:1)
  A giant cockroach (D:1)
  2 goblins
  5 hobgoblins (D:1)
  2 jackals (D:1)
  2 quokkas (D:1)
  3 ball pythons (D:1)
  2 bats
  A frilled lizard (D:1)
  3 kobolds (D:1)
  6 rats
32 creatures vanquished.

Notes
Turn   | Place    | Note
-------+----------+-------------------------------------------
     0 | D:1      | siradein the Troll Hunter began the quest for the Orb.
     0 | D:1      | Reached XP level 1. HP: 19/19 MP: 0/0
   172 | D:1      | Reached XP level 2. HP: 28/28 MP: 1/1
   285 | D:1      | Reached skill level 1 in Unarmed Combat
   382 | D:1      | Found a faded altar of an unknown god.
   608 | D:2      | Reached XP level 3. HP: 26/35 MP: 2/2
   698 | D:2      | Noticed Sigmund
   777 | D:2      | Slain by Sigmund

Illustrated notes

Levels and vault maps discovered:
D:1:      minmay_arrival_split_and_join, layout_rooms,
          ebering_ecumenical_altar_webs, minmay_misc_feat_iff
D:2:      layout_basic, minmay_misc_feat_more_columns, uniq_jessica,
          uniq_sigmund

Skill      XL: |  1  2 |
---------------+-------+-----
Unarmed Combat | 1 |  1.4
Dodging        | 2 |  2.1
Fighting       | 2 |  2.1
Throwing       | |  3.9
Stealth        | |  0.3

Action                   || total
-------------------------++-------
Melee: Unarmed           ||   106
Throw: Dart              ||     4
Armor: Robe              ||    52
Dodge: Dodged            ||    77

Table legend: (Time is in decaauts)
 A = Elapsed time spent in this place.
 B = Non-inter-level travel time spent in this place.
 C = Inter-level travel time spent in this place.
 D = Time resting spent in this place.
 E = Time spent auto-exploring this place.
 F = Levels seen in this place.
 G = Mean time per level.
                   A        B        C        D        E       F      G
               +--------+--------+--------+--------+--------+-----+--------+
         Total |    776 |    742 |     34 |      0 |    478 |   2 |  388.0 |
       Dungeon |    776 |    742 |     34 |      0 |    478 |   2 |  388.0 |
               +--------+--------+--------+--------+--------+-----+--------+

Top non-repeatable levels by time:
     D:1: 607 daAuts
     D:2: 169 daAuts
